Map: 자가나타 - 래더

Players

Solar - Winner!

  • Race: Zerg Zerg
  • League: Master
  • Spawn Location: 7:00

Neeb

  • Race: Protoss Protoss
  • Spawn Location: 1:00

Event: Cheeseadelphia Winter Championship 2021

VOD

Have the link to the VOD?

Description

Time

  • Played on: Jan. 23, 2021, 4:23 p.m.
  • Length: 8:37

All games in this series

Show
View Real Time Build Order
Export as new Build Order

Solar Zerg - Winner!

Build Orders: Hatch First 

Get SALT Encoding   

  12  0:00  Drone  
  13  0:12  Overlord  
  13  0:17  Drone  
  14  0:31  Drone  
  15  0:44  Hatchery  
  15  0:49  Drone  
  15  0:52  Drone  
  15  0:55  Drone  
  17  1:03  Drone  
  18  1:07  Extractor  
  17  1:17  Spawning Pool  
  16  1:20  Drone  
  16  1:23  Drone  
  18  1:32  Drone  
  19  1:43  Drone  
  20  1:56  Drone  
  20  1:57  Overlord  
  21  2:04  Queen x2  
  21  2:05  Zergling x2  
  27  2:08  Zergling x2  
  27  2:15  Metabolic Boost  
  27  2:18  Drone  
  27  2:20  Drone  
  29  2:26  Drone  
  29  2:29  Drone  
  31  2:43  Hatchery  
  30  2:47  Queen  
  30  2:51  Overlord  
  32  2:53  Drone  
  32  2:55  Drone  
  34  2:59  Drone  
  34  3:00  Drone  
  36  3:10  Drone x2  
  38  3:13  Drone x4  
  41  3:21  Overlord  
  41  3:23  Queen  
  43  3:29  Spore Crawler  
  43  3:30  Overlord  
  43  3:34  Drone  
  43  3:39  Overlord  
  43  3:43  Drone x2  
  43  3:44  Zergling x6  
  43  3:46  Drone  
  49  3:48  Spore Crawler  
  49  3:49  Drone  
  49  3:51  Zergling x2  
  50  3:58  Drone x2  
  50  4:00  Queen  
  55  4:04  Spore Crawler  
  55  4:06  Drone  
  55  4:07  Drone  
  55  4:10  Drone  
  55  4:19  Drone x6  
  55  4:21  Overlord  
  61  4:26  Roach Warren  
  61  4:28  Drone x2  
  61  4:32  Lair  
  61  4:35  Zergling x4  
  61  4:37  Extractor  
  62  4:39  Extractor  
  62  4:41  Queen  
  62  4:44  Drone  
  62  4:45  Drone  
  65  4:49  Drone x4  
  65  4:51  Drone  
  70  4:54  Drone  
  70  4:57  Drone  
  72  5:00  Queen  
  72  5:01  Overlord  
  72  5:03  Drone x2  
  76  5:07  Overlord  
  76  5:09  Zergling x4  
  76  5:13  Extractor  
  76  5:15  Extractor, Drone  
  76  5:18  Overlord  
  76  5:19  Queen  
  80  5:21  Roach x2  
  80  5:23  Drone  
  83  5:29  Roach  
  83  5:30  Queen  
  83  5:31  Overlord, Glial Reconstitution  
  83  5:34  Drone  
  87  5:37  Overseer  
  87  5:39  Overlord  
  87  5:41  Zergling x6  
  90  5:45  Drone  
  90  5:48  Overlord  
  91  5:54  Roach x5  
  99  6:01  Queen  
  101  6:05  Overlord, Roach x2  
  101  6:09  Ravager x3  
  101  6:11  Roach x2  
  110  6:17  Ravager x2  
  114  6:18  Zergling x8  
  114  6:19  Zergling x2  
  114  6:23  Overlord  
  114  6:24  Ravager  
  119  6:26  Roach  
  119  6:29  Zergling x8  
  125  6:36  Queen  
  125  6:37  Hydralisk Den  
  125  6:39  Ravager  
  127  6:40  Zergling x6  
  127  6:42  Roach  
  127  6:45  Overlord  
  132  6:48  Roach  
  132  6:49  Roach  
  132  6:51  Zergling x4  
  137  6:55  Overlord  
  137  6:57  Overlord  
  137  6:59  Overlord  
  136  7:01  Overlord  
  136  7:05  Drone  
  134  7:12  Drone  
  134  7:14  Zergling x8  
  137  7:16  Grooved Spines  
  137  7:18  Hydralisk  
  137  7:19  Evolution Chamber  
  137  7:22  Hydralisk x2  
  132  7:26  Hydralisk  
  132  7:28  Hydralisk  
  131  7:33  Hydralisk x2  
  131  7:34  Zergling x2  
  133  7:43  Hydralisk x2  
  133  7:44  Hydralisk  
  137  7:46  Hydralisk x2  
  137  7:49  Extractor  
  137  7:50  Hydralisk  
  141  7:53  Drone  
  141  7:54  Hydralisk  
  141  7:56  Drone  
  139  7:59  Drone  
  139  8:00  Drone  
  139  8:03  Drone  
  142  8:06  Hydralisk x2  
  142  8:11  Zergling x2, Hydralisk  
  142  8:12  Zergling x2  
Show
View Real Time Build Order
Export as new Build Order

Neeb Protoss 

Build Orders: 1 Gate Expand, Oracle Opening 

Get SALT Encoding   

  12  0:00  Probe  
  13  0:12  Probe  
  14  0:19  Pylon  
  14  0:24  Probe  
  15  0:37  Probe (Chrono Boost)  
  15  0:40  Gateway  
  16  0:47  Probe (Chrono Boost)  
  17  0:50  Assimilator  
  17  0:53  Probe  
  18  1:05  Probe  
  19  1:17  Probe  
  20  1:28  Nexus  
  20  1:37  Cybernetics Core  
  20  1:42  Probe  
  21  1:47  Assimilator  
  21  1:54  Probe  
  22  1:57  Pylon  
  22  2:06  Probe (Chrono Boost)  
  23  2:12  Adept (Chrono Boost)  
  25  2:18  Probe (Chrono Boost)  
  26  2:23  Stargate  
  26  2:24  Probe (Chrono Boost)  
  26  2:29  Warp Gate  
  27  2:32  Probe  
  27  2:36  Stalker (Chrono Boost)  
  28  2:41  Probe  
  31  2:44  Probe  
  32  2:53  Probe  
  32  2:56  Gateway  
  34  2:58  Probe  
  34  3:05  Probe  
  35  3:07  Oracle (Chrono Boost)  
  35  3:11  Probe  
  39  3:17  Probe  
  40  3:23  Pylon, Probe  
  41  3:29  Assimilator, Probe  
  41  3:31  Assimilator  
  42  3:37  Probe (Chrono Boost)  
  42  3:41  Probe (Chrono Boost), Stargate  
  45  3:52  Probe (Chrono Boost)  
  45  3:53  Probe (Chrono Boost), Void Ray  
  46  3:57  Probe (Chrono Boost)  
  46  4:00  Pylon, Probe  
  52  4:08  Probe  
  53  4:12  Probe  
  54  4:18  Adept x2  
  54  4:20  Pylon, Probe  
  59  4:25  Probe  
  60  4:32  Void Ray x2 (Chrono Boost)  
  68  4:47  Nexus  
  68  4:50  Pylon  
  68  4:56  Probe  
  68  4:59  Probe  
  70  5:08  Probe, Void Ray (Chrono Boost)  
  70  5:12  Shield Battery  
  75  5:16  Probe  
  75  5:20  Probe  
  77  5:27  Pylon  
  77  5:28  Probe  
  78  5:40  Pylon  
  78  5:45  Probe  
  78  5:46  Probe, Void Ray (Chrono Boost)  
  84  5:53  Shield Battery  
  84  5:54  Sentry, Shield Battery  
  84  5:56  Shield Battery  
  84  5:57  Void Ray (Chrono Boost)  
  84  6:00  Shield Battery  
  84  6:01  Shield Battery  
  84  6:03  Pylon  
  86  6:07  Stalker  
  88  6:12  Pylon, Void Ray (Chrono Boost)  
  88  6:15  Shield Battery  
  95  6:18  Probe (Chrono Boost)  
  95  6:21  Probe x2 (Chrono Boost)  
  95  6:30  Assimilator, Probe (Chrono Boost)  
  95  6:31  Assimilator  
  98  6:34  Probe x2 (Chrono Boost)  
  98  6:35  Probe (Chrono Boost)  
  98  6:38  Void Ray (Chrono Boost)  
  99  6:41  Pylon  
  99  6:42  Pylon, Probe x2  
  106  6:54  Probe  
  106  6:56  Void Ray (Chrono Boost)  
  106  6:57  Sentry, Stalker  
  112  7:04  Probe  
  111  7:12  Void Ray (Chrono Boost)  
  111  7:15  Pylon  
  108  7:18  Pylon, Probe  
  112  7:24  Cybernetics Core  
  112  7:27  Zealot  
  114  7:30  Void Ray (Chrono Boost)  
  114  7:35  Probe  
  106  7:42  Void Ray  
  106  7:43  Probe  
  97  7:45  Probe  
  97  8:01  Probe  
  98  8:06  Stargate  
  102  8:13  Probe  
  102  8:15  Shield Battery, Nexus  
  102  8:17  Gateway x2  
  96  8:21  Gateway  
  96  8:22  Gateway  
Tags
 
Add a new tag
Caveats
  • Supply blocks, unpowered buildings, or Contaminate may cause inaccurate times.
  • Supply counts are checked every 10 seconds.